 Dungeon Crawl Stone Soup version 0.29.1-1-gd02db69 (webtiles) character file.

Game seed: 4364152901213723442

11 Timinator the Insei (level 2, -2/23 HPs)
             Began as a Demigod Transmuter on Dec 20, 2022.
             Slain by a gnoll
             ... wielding a +0 flail
              (8 damage)
             ... on level 1 of the Dungeon.
             The game lasted 00:02:09 (364 turns).

Timinator the Insei (Demigod Transmuter)             Turns: 364, Time: 00:02:10

Health: -2/23      AC:  2    Str: 11    XL:     2   Next: 3%
Magic:  6/7        EV: 12    Int: 15    God:
Gold:   24         SH:  0    Dex: 14    Spells: 1/4 levels left

rFire   . . .      SeeInvis .     - Unarmed
rCold   . . .      Faith    .   (no shield)
rNeg    . . .      Spirit   .   a - +0 robe
rPois   .          Reflect  .   (helmet currently unavailable)
rElec   .          Harm     .   e - scarf {+Inv}
rCorr   .          Rampage  .   (no gloves)
Will    .....                   (boots currently unavailable)
Stlth   +.........              (no amulet)
HPRegen 0.07/turn               (no ring)
MPRegen 0.10/turn               (no ring)

@: appendages (expiring)
A: horns 2, talons 2, high MP 1, forlorn, divine attributes
a: End Transformation, Evoke Invisibility


You were on level 1 of the Dungeon.
You had temporarily grown beastly horns and talons.
You visited 1 branch of the dungeon, and saw 1 of its levels.

You collected 24 gold pieces.

Inventory:

Armour
 a - a +0 robe (worn)
 e - a scarf of invisibility (worn)
Scrolls
 d - 3 scrolls of identify {unknown}
 g - a scroll of teleportation {unknown}
Potions
 b - 2 potions of lignification
 c - 2 potions of heal wounds {unknown}
 f - a potion of attraction {unknown}


   Skills:
 * Level 1.0 Fighting
 * Level 0.4 Armour
 * Level 1.9 Dodging
 + Level 2.8 Unarmed Combat
 + Level 1.8 Spellcasting
 * Level 1.9 Transmutations


You had one spell level left.
You knew the following spells:

 Your Spells              Type           Power      Damage    Failure   Level
a - Beastly Appendage     Tmut           14%        N/A       10%         1
b - Wereblood             Tmut           7%         N/A       16%         2

Your spell library contained the following spells:

 Spells                   Type           Power      Damage    Failure   Level
 Passwall                 Tmut/Erth      3%         N/A       22%         2
 Ensorcelled Hibernation  Hex/Ice        2%         N/A       34%         2
 Spider Form              Tmut/Pois      4%         N/A       41%         3
 Swiftness                Air            1%         N/A       56%         3
 Ice Form                 Ice/Tmut       4%         N/A       83%         4


Dungeon Overview and Level Annotations

Branches:
Dungeon (1/15)


Innate Abilities, Weirdness & Mutations

You have temporarily grown beastly horns and talons.
You have an increased reservoir of magic. (+10% MP)
You shall have no god before yourself.
Your divine heritage dramatically boosts your attributes as you level up.


Message History

f - a yellow potion A gnoll comes into view.
It is wielding a +0 flail.
Found 6 gold pieces.
The gnoll shouts!
You see here a scroll labelled MODARO LISAIV.
g - a scroll labelled MODARO LISAIV
Casting: Beastly Appendage (safe; 10% risk of failure)
Confirm with . or Enter, or press ? or * to list all spells.
You grow a pair of large bovine horns.
Your feet morph into talons.
You hit the gnoll. Your kick misses the gnoll.
The gnoll is moderately wounded.
The gnoll closely misses you.
You hit the gnoll but do no damage.
The gnoll is moderately wounded.
The gnoll misses you.
You hit the gnoll but do no damage. Your kick misses the gnoll.
Your headbutt misses the gnoll.
The gnoll is moderately wounded.
The gnoll hits you with a +0 flail.
You hit the gnoll but do no damage.
The gnoll is moderately wounded.
You hit the gnoll but do no damage. Your kick misses the gnoll.
The gnoll is moderately wounded.
The gnoll hits you with a +0 flail!
You barely miss the gnoll. You claw the gnoll.
You headbutt the gnoll, but do no damage.
The gnoll is severely wounded.
Your transformation is almost over.
The gnoll barely misses you.
You hit the gnoll but do no damage.
The gnoll is severely wounded.
The gnoll barely misses you.
You hit the gnoll.
The gnoll is almost dead.
The gnoll hits you with a +0 flail!
* * * LOW HITPOINT WARNING * * *
You barely miss the gnoll.
The gnoll is almost dead.
The gnoll hits you with a +0 flail!
You die...

......#
#.##.##.#.#
......#
###.##.##.#..
......#
##...##.##.####
......#
##..####.....
......# ###..##
#.#... ......#
#...####
#.####. ......#
#.##...# #.#
......#
#.##...#
......#
#..##@g.#
......#
#.###...#
......# ##
#......
##.....#
#.#......
##...#...
..#......
.....####⌠
..#....$.
....##
#.#...... ...#
#.# ..... ..#


You could see a gnoll.

Vanquished Creatures
  A dart slug (D:1)
  An endoplasm (D:1)
  3 hobgoblins (D:1)
  A ball python (D:1)
  A bat (D:1)
  2 kobolds (D:1)
9 creatures vanquished.

Notes
Turn   | Place    | Note
-------+----------+-------------------------------------------
     0 | D:1      | Timinator the Demigod Transmuter began the quest for the
                  | Orb.
     0 | D:1      | Reached XP level 1. HP: 15/15 MP: 5/5
    86 | D:1      | Reached skill level 1 in Fighting
   307 | D:1      | Reached XP level 2. HP: 22/23 MP: 5/7
   312 | D:1      | Learned a level 2 spell: Wereblood
   364 | D:1      | Slain by a gnoll

Illustrated notes

Levels and vault maps discovered:
D:1:      dpeg_arrival_pond, layout_basic, ebering_ecumenical_altar_hall,
          serial_park_tiny_1, minmay_heptomino_l4

Skill      XL: |  1 |
---------------+----+-----
Fighting       | 1 |  1.0
Armour         | |  0.4
Dodging        | |  1.9
Unarmed Combat | |  2.8
Spellcasting   | |  1.8
Transmutations | |  1.9

Action                   || total
-------------------------++-------
Melee: Unarmed           ||    26
       Kick              ||     8
       Headbutt          ||     2
 Cast: Beastly Appendage ||     7
Armor: Robe              ||     1
Dodge: Dodged            ||    12
